[ AOE2 MATCH · #472425800 ]
1v1 RMWei vs Wu
Player's team · LOSS
Rival team · WIN
[ REPLAY ANALYSIS · EXTRACTED FROM THE RECORDED GAME ]
Feudal
10:22
Castle
20:36
Imperial
—
| APM avg | 30.0 |
| APM peak | 60 |
| eAPM avg | 17.5 |
| Villagers / military | 65 / 13 |
Focus
⚔️ 21.1% · 🌾 78.9%
Militia ×5 · Archer ×5 · Scorpion ×2 · Unknown (1952) ×2 · Skirmisher ×1
Feudal
10:50
Castle
16:34
Imperial
—
| APM avg | 23.0 |
| APM peak | 45 |
| eAPM avg | 15.8 |
| Villagers / military | 48 / 0 |
Focus
⚔️ 10.5% · 🌾 89.5%
Unknown (1974) ×35
Match map
Resources at game start + every placement click. Thick line = wall · dashed box = detected house wall. 🟡 gold · ⚪ stone · 🟢 berries · 🔶 boar · ⭕ relic
Your base· Open — unwalled flank
agahgenc's base· Open — unwalled flank
Elevation-shaded terrain · ⚠ = detected wall gap · hover for details
Inputs per minute
— petey_hs - - agahgenc
Build order — petey_hs
First 150 of 151 actions detected
| 0:01 | Create | Villager (Male) |
| 0:02 | Create | Villager (Male) |
| 0:02 | Create | Villager (Male) |
| 0:02 | Create | Villager (Male) |
| 0:02 | Create | Villager (Male) |
| 0:04 | Build | House |
| 0:05 | Build | House |
| 1:40 | Create | Villager (Male) |
| 1:40 | Create | Villager (Male) |
| 2:11 | Research | Loom |
| 2:11 | Research | Loom |
| 2:18 | Create | Villager (Male) |
| 2:18 | Create | Villager (Male) |
| 2:47 | Create | Villager (Male) |
| 2:48 | Create | Villager (Male) |
| 3:00 | Build | Lumber Camp |
| 3:17 | Create | Villager (Male) |
| 3:17 | Create | Villager (Male) |
| 3:25 | Build | House |
| 3:26 | Build | House |
| 3:28 | Build | Palisade Wall |
| 3:49 | Create | Villager (Male) |
| 3:50 | Create | Villager (Male) |
| 3:50 | Create | Villager (Male) |
| 4:36 | Build | House |
| 4:45 | Build | House |
| 4:51 | Create | Villager (Male) |
| 4:51 | Create | Villager (Male) |
| 4:51 | Create | Villager (Male) |
| 4:52 | Create | Villager (Male) |
| 5:04 | Create | Villager (Male) |
| 5:04 | Create | Villager (Male) |
| 5:46 | Create | Villager (Male) |
| 6:16 | Build | Mill |
| 6:32 | Create | Villager (Male) |
| 6:33 | Create | Villager (Male) |
| 6:38 | Create | Villager (Male) |
| 6:39 | Create | Villager (Male) |
| 6:39 | Create | Villager (Male) |
| 6:53 | Create | Villager (Male) |
| 7:47 | Create | Villager (Male) |
| 8:10 | Research | Feudal Age |
| 8:11 | Research | Feudal Age |
| 8:23 | Build | Barracks |
| 8:40 | Build | House |
| 8:45 | Build | House |
| 8:54 | Create | Villager (Male) |
| 8:54 | Create | Villager (Male) |
| 9:15 | Build | Mining Camp |
| 10:00 | Create | Militia |
| 10:00 | Create | Militia |
| 10:01 | Create | Militia |
| 10:14 | Create | Villager (Male) |
| 10:14 | Create | Villager (Male) |
| 10:22 | Create | Militia |
| 10:22 | Age | Feudal Age |
| 10:22 | Create | Militia |
| 10:36 | Create | Villager (Male) |
| 10:36 | Create | Villager (Male) |
| 10:42 | Research | Man-at-Arms (upgrade) |
| 10:42 | Research | Man-at-Arms (upgrade) |
| 10:42 | Research | Man-at-Arms (upgrade) |
| 10:42 | Research | Man-at-Arms (upgrade) |
| 10:55 | Build | Farm |
| 11:02 | Build | Archery Range |
| 11:29 | Create | Villager (Male) |
| 11:29 | Create | Villager (Male) |
| 11:33 | Build | Farm |
| 12:07 | Create | Villager (Male) |
| 12:11 | Build | House |
| 12:12 | Create | Skirmisher |
| 12:19 | Build | Farm |
| 12:28 | Create | Villager (Male) |
| 12:45 | Create | Villager (Male) |
| 12:48 | Build | Farm |
| 12:55 | Build | House |
| 13:54 | Create | Villager (Male) |
| 13:54 | Create | Villager (Male) |
| 13:59 | Build | Farm |
| 14:02 | Create | Villager (Male) |
| 14:05 | Build | House |
| 14:33 | Create | Villager (Male) |
| 14:41 | Build | Farm |
| 14:49 | Research | Horse Collar |
| 14:49 | Research | Horse Collar |
| 14:52 | Build | Farm |
| 14:54 | Create | Villager (Male) |
| 15:05 | Build | House |
| 15:42 | Build | Farm |
| 15:43 | Build | Farm |
| 15:49 | Build | Farm |
| 15:52 | Build | Farm |
| 15:55 | Create | Villager (Male) |
| 16:07 | Build | House |
| 16:26 | Research | Arson |
| 16:26 | Research | Arson |
| 16:28 | Create | Villager (Male) |
| 16:35 | Build | Market |
| 16:39 | Create | Villager (Male) |
| 16:43 | Build | Farm |
| 17:14 | Create | Villager (Male) |
| 17:21 | Build | Farm |
| 17:56 | Research | Castle Age |
| 17:59 | Build | Farm |
| 18:05 | Create | Archer |
| 18:06 | Create | Archer |
| 18:19 | Build | Blacksmith |
| 18:26 | Build | House |
| 18:40 | Create | Archer |
| 18:47 | Build | Farm |
| 18:50 | Research | Double-Bit Axe |
| 18:50 | Research | Double-Bit Axe |
| 18:57 | Build | Farm |
| 19:04 | Build | Archery Range |
| 19:11 | Research | Wheelbarrow |
| 19:11 | Research | Wheelbarrow |
| 19:49 | Build | Blacksmith |
| 20:08 | Build | Palisade Wall |
| 20:22 | Create | Archer |
| 20:24 | Create | Archer |
| 20:32 | Create | Villager (Male) |
| 20:36 | Age | Castle Age |
| 20:46 | Create | Villager (Male) |
| 20:50 | Build | Siege Workshop |
| 21:06 | Research | Fletching |
| 21:06 | Research | Fletching |
| 21:07 | Research | Fletching |
| 21:08 | Create | Villager (Male) |
| 21:13 | Build | Town Center |
| 22:03 | Create | Scorpion |
| 22:04 | Create | Scorpion |
| 22:08 | Create | Villager (Male) |
| 22:08 | Create | Villager (Male) |
| 22:08 | Create | Villager (Male) |
| 22:08 | Create | Villager (Male) |
| 22:09 | Create | Villager (Male) |
| 22:15 | Research | Bodkin Arrow |
| 22:15 | Research | Padded Archer Armor |
| 22:31 | Build | Farm |
| 22:47 | Create | Unit 1952 |
| 22:47 | Create | Unit 1952 |
| 23:36 | Create | Villager (Male) |
| 23:36 | Create | Villager (Male) |
| 23:40 | Create | Villager (Male) |
| 23:40 | Create | Villager (Male) |
| 23:40 | Create | Villager (Male) |
| 24:02 | Research | Padded Archer Armor |
| 24:02 | Research | Padded Archer Armor |
| 24:31 | Create | Villager (Male) |
| 24:31 | Create | Villager (Male) |
Build order — agahgenc
120 actions detected in the replay
| 0:01 | Build | House |
| 0:02 | Build | House |
| 0:09 | Create | Villager (Male) |
| 0:09 | Create | Villager (Male) |
| 0:16 | Create | Villager (Male) |
| 0:16 | Create | Villager (Male) |
| 1:33 | Create | Villager (Male) |
| 1:33 | Create | Villager (Male) |
| 1:56 | Create | Villager (Male) |
| 1:57 | Create | Villager (Male) |
| 2:08 | Build | Lumber Camp |
| 2:50 | Create | Villager (Male) |
| 2:50 | Create | Villager (Male) |
| 2:50 | Create | Villager (Male) |
| 3:02 | Create | Villager (Male) |
| 3:02 | Create | Villager (Male) |
| 3:35 | Create | Villager (Male) |
| 3:46 | Create | Villager (Male) |
| 3:47 | Create | Villager (Male) |
| 3:47 | Create | Villager (Male) |
| 4:08 | Build | House |
| 4:51 | Create | Villager (Male) |
| 4:51 | Create | Villager (Male) |
| 4:52 | Create | Villager (Male) |
| 4:52 | Create | Villager (Male) |
| 4:52 | Create | Villager (Male) |
| 5:23 | Create | Villager (Male) |
| 5:26 | Create | Villager (Male) |
| 5:27 | Create | Villager (Male) |
| 5:39 | Build | House |
| 5:57 | Build | Mill |
| 6:38 | Create | Villager (Male) |
| 7:07 | Build | Mill |
| 7:36 | Build | House |
| 7:48 | Research | Loom |
| 8:11 | Create | Villager (Male) |
| 8:36 | Research | Feudal Age |
| 8:50 | Build | Barracks |
| 9:49 | Build | Mining Camp |
| 10:22 | Create | Villager (Male) |
| 10:23 | Create | Villager (Male) |
| 10:50 | Age | Feudal Age |
| 11:06 | Build | Barracks |
| 11:12 | Build | Blacksmith |
| 11:16 | Create | Villager (Male) |
| 11:33 | Create | Villager (Male) |
| 11:45 | Build | Market |
| 11:48 | Create | Villager (Male) |
| 12:27 | Create | Villager (Male) |
| 12:52 | Build | Barracks |
| 12:55 | Create | Villager (Male) |
| 13:24 | Build | House |
| 13:28 | Build | Palisade Wall |
| 13:54 | Research | Castle Age |
| 14:35 | Build | Farm |
| 14:35 | Build | Farm |
| 14:35 | Build | Farm |
| 14:36 | Build | Farm |
| 14:36 | Build | Farm |
| 14:36 | Build | Farm |
| 14:36 | Build | Farm |
| 14:36 | Build | Farm |
| 14:53 | Build | Farm |
| 15:02 | Build | Farm |
| 15:07 | Research | Scale Mail Armor |
| 15:30 | Build | Lumber Camp |
| 16:21 | Research | Forging |
| 16:25 | Create | Villager (Male) |
| 16:34 | Age | Castle Age |
| 16:36 | Create | Unit 1974 ×2 |
| 16:45 | Create | Villager (Male) |
| 17:02 | Build | Farm |
| 17:06 | Build | Farm |
| 17:07 | Build | Farm |
| 17:07 | Build | Farm |
| 17:07 | Build | Farm |
| 17:08 | Build | Farm |
| 17:08 | Build | Farm |
| 17:50 | Create | Villager (Male) |
| 17:51 | Build | Farm |
| 17:54 | Build | House |
| 17:58 | Build | House |
| 17:59 | Create | Villager (Male) |
| 18:00 | Create | Villager (Male) |
| 18:02 | Build | House |
| 18:11 | Create | Unit 1974 |
| 18:32 | Create | Unit 1974 |
| 18:55 | Create | Villager (Male) |
| 19:04 | Build | Farm |
| 19:10 | Create | Unit 1974 ×4 |
| 19:17 | Create | Villager (Male) |
| 19:32 | Build | Farm |
| 19:43 | Create | Villager (Male) |
| 19:46 | Research | Squires |
| 19:56 | Build | Farm |
| 19:56 | Build | Farm |
| 19:57 | Build | Farm |
| 19:57 | Build | Farm |
| 20:36 | Create | Unit 1974 ×4 |
| 20:50 | Create | Unit 1974 ×2 |
| 21:04 | Build | Mining Camp |
| 21:06 | Create | Villager (Male) |
| 21:06 | Create | Villager (Male) |
| 21:17 | Build | House |
| 21:19 | Build | House |
| 21:21 | Create | Villager (Male) |
| 22:03 | Create | Unit 1974 ×5 |
| 22:10 | Create | Villager (Male) |
| 22:17 | Create | Unit 1974 |
| 22:36 | Create | Villager (Male) |
| 22:37 | Create | Villager (Male) |
| 22:42 | Build | House |
| 22:45 | Build | House |
| 23:22 | Create | Unit 1974 ×5 |
| 23:48 | Create | Unit 1974 ×2 |
| 24:06 | Create | Unit 1974 |
| 24:06 | Create | Unit 1974 |
| 24:06 | Create | Unit 1974 |
| 24:31 | Create | Unit 1974 ×4 |
| 24:51 | Create | Unit 1974 |
Match timeline
| 3:28 | petey_hs · wall_segment Palisade Wall x1 |
| 8:23 | petey_hs · first_building Barracks |
| 8:50 | agahgenc · first_building Barracks |
| 10:22 | petey_hs · age_up feudal |
| 10:50 | agahgenc · age_up feudal |
| 11:02 | petey_hs · first_building Archery Range |
| 13:28 | agahgenc · wall_segment Palisade Wall x1 |
| 13:51 | agahgenc · first_market_buy 100 food |
| 15:42 | agahgenc · first_market_sell 100 stone |
| 16:34 | agahgenc · age_up castle |
| 17:55 | petey_hs · first_market_buy 100 food |
| 20:08 | petey_hs · wall_segment Palisade Wall x1 |
| 20:36 | petey_hs · age_up castle |
| 20:50 | petey_hs · first_building Siege Workshop |
| 22:01 | petey_hs · first_market_sell 100 food |
| 24:57 | petey_hs · resign |
[ AI ANALYSIS · 1 CREDIT ]
What really happened in this match?
Wolo.gg analyzes every decision: build order, eco, micro, common mistakes by bracket. Personalized analysis on WhatsApp or Discord in 30 seconds.
Civ guide
Wei
Map guide
Crownwood
Perfil
petey_hs